 Dungeon Crawl Stone Soup version 0.25-a0-166-g16436c4 (webtiles) character file.

Game seed: 10624936594299787989, levelgen mode: deterministic

4897 HungryMoth the Martial Artist (level 10, -7/81 HPs)
             Began as a Pale Draconian Transmuter on Nov 24, 2019.
             Was a Believer of Wu Jian.
             Mangled by an unseen horror (9 damage)
             ... on level 10 of the Dungeon.
             The game lasted 00:35:23 (9528 turns).

HungryMoth the Martial Artist (DrTm)                Turns: 9528, Time: 00:35:23

Health: -7/81      AC: 10    Str: 13    XL:     10   Next: 26%
Magic:  8/13       EV: 15    Int: 14    God:    Wu Jian [**....]
Gold:   585        SH:  0    Dex: 14    Spells: 5/13 levels left

rFire    . . .     SeeInvis .     - Unarmed
rCold    . . .     Gourm    .   (no shield)
rNeg     . . .     Faith    +   (armour unavailable)
rPois    .         Spirit   .   (helmet restricted)
rElec    .         Reflect  .   Q - +1 cloak
rCorr    +         Harm     .   (no gloves)
MR       .....                  y - +0 pair of boots
Stlth    +.........             w - amulet of faith
HPRegen  0.23/turn              I - ring of resist corrosion
MPRegen  0.13/turn              (no ring)

@: appendage (expiring)
A: breathe steam, unfitting armour, horns 2, cold-blooded, AC +7
a: Breathe Steam, End Transformation, Wall Jump, Renounce Religion


You were on level 10 of the Dungeon.
You worshipped Wu Jian.
Wu Jian was pleased with you.
You were hungry.
You had grown temporary horns.
You visited 2 branches of the dungeon, and saw 11 of its levels.
You also visited: Ossuary.

You collected 585 gold pieces.

Inventory:

Missiles
 a - 15 arrows
Armour
 y - a +0 pair of boots (worn)
 Q - a +1 cloak (worn)
 S - a +0 pair of gloves
Jewellery
 w - an amulet of faith (around neck)
 I - a ring of resist corrosion (left hand)
 V - an uncursed amulet of the gourmand
Wands
 t - a wand of flame (31)
 M - a wand of enslavement (4)
Scrolls
 g - 5 scrolls of remove curse
 q - 12 scrolls of identify
 C - 3 scrolls of fog
 K - a scroll of immolation {unknown}
 L - a scroll of noise {unknown}
 O - 5 scrolls of teleportation
 R - a scroll of fear {unknown}
 T - a scroll of random uselessness {unknown}
 W - a scroll of acquirement {unknown}
Potions
 i - 3 potions of degeneration
 j - 2 potions of brilliance
 m - a potion of resistance
 n - 2 potions of cancellation
 s - 3 potions of heal wounds
 x - 6 potions of curing
 A - 4 potions of might {unknown}
 B - a potion of mutation {unknown}
 D - a potion of agility {unknown}
 E - a potion of invisibility {unknown}
 G - 3 potions of flight {unknown}
 H - 2 potions of haste {unknown}
Comestibles
 c - 13 rations


   Skills:
 - Level 5.2 Fighting
 - Level 5.0 Dodging
 - Level 11.0 Unarmed Combat
 - Level 2.0 Spellcasting
 + Level 8.4 Transmutations


You had 5 spell levels left.
You knew the following spells:

 Your Spells              Type           Power        Failure   Level  Hunger
a - Beastly Appendage     Tmut           ###...       1%          1    ##.....
b - Sticks to Snakes      Tmut           ###.....     1%          2    ###....
d - Blade Hands           Tmut           ###.......   22%         5    ######.

Your spell library contained the following spells:

 Spells                   Type           Power        Failure   Level  Hunger
 Spider Form              Tmut/Pois      ##........   13%         3    ####...
 Animate Skeleton         Necr           N/A          24%         1    ##.....
 Apportation              Tloc           #.....       24%         1    ##.....
 Confusing Touch          Hex            #.....       24%         1    ##.....
 Sting                    Conj/Pois      #...         24%         1    ##.....
 Summon Small Mammal      Summ           #...         24%         1    ##.....
 Poisonous Vapours        Pois/Air       #.....       34%         2    ###....
 Ice Form                 Ice/Tmut       ##......     38%         4    #####..
 Petrify                  Tmut/Erth      ##......     38%         4    #####..
 Confuse                  Hex            #.......     56%         3    ####...
 Gell's Gravitas          Tloc           #.........   56%         3    ####...
 Mephitic Cloud           Conj/Pois/Air  #.......     56%         3    ####...
 Regeneration             Chrm/Necr      #.........   56%         3    ####...
 Yara's Violent Unravell  Hex/Tmut       ##........   75%         5    ######.
 Olgreb's Toxic Radiance  Pois           #.......     93%         4    #####..
 Agony                    Necr           #.......     100%        5    ######.
 Metabolic Englaciation   Hex/Ice        #.........   100%        5    ######.
 Venom Bolt               Conj/Pois      #.........   100%        5    ######.
 Deflect Missiles         Chrm/Air       #.........   100%        6    #######


Dungeon Overview and Level Annotations

Branches:
Dungeon (10/15)            Temple (1/1) D:5            Lair (0/6) D:8
Ossuary (visited)
    Orc: D:9-12

Altars:
Ashenzari
Cheibriados
Dithmenos
Elyvilon
Gozag
Hepliaklqana
Kikubaaqudgha
Makhleb
Nemelex Xobeh
Okawaru
Qazlal
Ru
Sif Muna
Trog
Uskayaw
Vehumet
Wu Jian
Xom
Yredelemnul
Zin
The Shining One


Innate Abilities, Weirdness & Mutations

You can breathe blasts of scalding, opaque steam.
Your pale cyan-grey scales are hard. (AC +7)
You cannot fit into any form of body armour.
You are cold-blooded and may be slowed by cold attacks.
You have a pair of horns on your head.


Message History

Your adder bites something but does no damage.
You barely miss something. Your headbutt misses something.
Your transformation is almost over.
Something hits you!
* * * LOW HITPOINT WARNING * * *
Something closely misses your ball python.
Something hits your adder!
Your adder dies!
You closely miss something. Your headbutt misses something.
You have got your breath back.
Something hits you but does no damage. Something completely misses your adder.
You barely miss something. You headbutt something.
Something hits you but does no damage. Something hits you.
* * * LOW HITPOINT WARNING * * *
Something hits you!
* * * LOW HITPOINT WARNING * * *
There is a stone staircase leading up, spattered with blood here.
Something hits you!
You die...

#. #.. #... #
#... .#
#...######.#
#..........####
#............
#...@........
#...SS.......
#............
#..........##
#.......####
#.......#
#.......#
#######.......#
#.............#


You could see a friendly adder and a friendly ball python.

Vanquished Creatures
  A two-headed ogre (D:8)
  Grinder (D:4)
  Prince Ribbit (D:7)
  A hippogriff (D:8)
  A wraith (Ossuary)
  Menkaure (D:5)
  Duvessa (D:7)
  3 ice beasts
  2 orc warriors
  A black bear (D:9)
  A sky beast (D:8)
  2 phantoms (D:7)
  3 ogres
  5 bullfrogs
  Dowan (D:7)
  2 wyvern skeletons
  A scorpion (D:9)
  12 wights
  A howler monkey (D:9)
  2 crimson imps (D:8)
  5 hounds
  A jelly (D:9)
  A centaur skeleton (D:5)
  3 orc priests
  11 orc wizards
  Crazy Yiuf (D:7)
  5 worker ants
  Natasha (D:3)
  An iguana (D:8)
  A killer bee zombie (D:6)
  A hound zombie (D:5)
  A hound skeleton (D:6)
  A mummy (Ossuary)
  3 gnolls (D:6)
  A howler monkey skeleton (D:5)
  13 adders
  3 shadow imps
  2 oozes
  2 adder zombies
  7 worms
  3 dart slugs
  6 leopard geckos
  38 orcs
  6 giant cockroaches
  10 goblins
  9 hobgoblins
  13 jackals
  4 kobolds
  4 quokkas
  A ball python (D:5)
  8 bats
  4 frilled lizards
  6 gnoll skeletons (Ossuary)
  6 kobold skeletons (Ossuary)
  13 orc skeletons (Ossuary)
  A quokka skeleton (D:7)
  12 rats
251 creatures vanquished.

Vanquished Creatures (others)
  A goblin (D:3)
1 creature vanquished.

Grand Total: 252 creatures vanquished

Notes
Turn   | Place    | Note
-------+----------+-------------------------------------------
     0 | D:1      | HungryMoth the Draconian Transmuter began the quest for the
                  | Orb.
     0 | D:1      | Reached XP level 1. HP: 16/16 MP: 3/3
    41 | D:1      | Reached XP level 2. HP: 20/23 MP: 3/5
   568 | D:1      | Reached XP level 3. HP: 23/29 MP: 4/6
  1446 | D:3      | Reached XP level 4. HP: 32/37 MP: 7/7
  1757 | D:3      | Reached skill level 4 in Unarmed Combat
  1781 | D:3      | Reached XP level 5. HP: 28/45 MP: 6/8
  2352 | D:3      | Found an iron altar of Okawaru.
  2449 | D:3      | Found a glowing golden altar of the Shining One.
  2451 | D:3      | Noticed an angel
  2460 | D:3      | Found a basalt altar of Yredelemnul.
  2462 | D:3      | Noticed a profane servitor
  2670 | D:4      | Reached XP level 6. HP: 43/52 MP: 7/9
  2773 | D:4      | Noticed Natasha
  2773 | D:4      | Noticed Grinder
  2801 | D:3      | Killed Natasha
  3290 | D:4      | Reached skill level 5 in Unarmed Combat
  3297 | D:4      | Found an ancient bone altar of Kikubaaqudgha.
  3745 | D:4      | Your scales start taking on a pale cyan-grey colour.
  3745 | D:4      | Reached XP level 7. HP: 49/60 MP: 10/10
  3845 | D:4      | Killed Grinder
  3845 | D:4      | Reached skill level 5 in Fighting
  4154 | D:4      | Found a shattered altar of Ashenzari.
  4241 | D:5      | Entered Level 5 of the Dungeon
  4429 | D:5      | Reached skill level 6 in Unarmed Combat
  4472 | D:5      | Reached skill level 5 in Dodging
  4478 | D:5      | Found a sand-covered staircase.
  4483 | Ossuary  | Entered an ossuary
  4483 | Ossuary  | Noticed a wraith
  4483 | Ossuary  | Noticed a wraith
  4483 | Ossuary  | Noticed a wraith
  4656 | Ossuary  | Noticed a wraith
  4703 | Ossuary  | Learned a level 2 spell: Sticks to Snakes
  4745 | Ossuary  | Killed a wraith
  4745 | Ossuary  | Reached XP level 8. HP: 65/68 MP: 3/11
  4966 | D:5      | Noticed Menkaure
  4979 | D:5      | Killed Menkaure
  4979 | D:5      | Reached skill level 7 in Unarmed Combat
  5089 | D:5      | Found a sacrificial altar of Ru.
  5155 | D:5      | You fall into a shaft and drop 3 floors!
  5183 | D:8      | Found a stormy altar of Qazlal.
  5184 | D:8      | Noticed an air elemental
  5186 | D:8      | Noticed a two-headed ogre
  5382 | D:7      | Reached skill level 8 in Unarmed Combat
  5422 | D:7      | Learned a level 5 spell: Blade Hands
  5726 | D:6      | Reached skill level 9 in Unarmed Combat
  6084 | D:5      | Found a staircase to the Ecumenical Temple.
  6099 | Temple   | Entered the Ecumenical Temple
  6154 | Temple   | Became a worshipper of the Wu Jian Council
  6475 | D:6      | Reached XP level 9. HP: 66/74 MP: 10/12
  6764 | D:7      | Found a shadowy altar of Dithmenos.
  6836 | D:7      | Found a shimmering altar of Xom.
  6836 | D:7      | Found a shimmering altar of Xom.
  6837 | D:7      | Found a shimmering altar of Xom.
  6839 | D:7      | Found a shimmering altar of Xom.
  6839 | D:7      | Noticed Prince Ribbit
  6879 | D:7      | Killed Prince Ribbit
  6879 | D:7      | Reached skill level 10 in Unarmed Combat
  7050 | D:7      | Found a snail-covered altar of Cheibriados.
  7590 | D:7      | Found a runed translucent door.
  7591 | D:7      | Noticed Crazy Yiuf
  7602 | D:7      | Killed Crazy Yiuf
  7610 | D:7      | Got an ancient mace
  7611 | D:7      | Identified the cursed +3 mace of Beyond {crush, Int+3
                  | Stlth+} (You found it on level 7 of the Dungeon)
  7640 | D:7      | Noticed Duvessa
  7640 | D:7      | Noticed Dowan
  7650 | D:7      | Killed Duvessa
  7655 | D:7      | Killed Dowan
  7803 | D:8      | Found a staircase to the Lair.
  7822 | D:8      | Killed a two-headed ogre
  7822 | D:8      | Reached skill level 11 in Unarmed Combat
  7822 | D:8      | Reached skill level 5 in Transmutations
  7908 | D:8      | Reached * piety under Wu Jian
  8353 | D:8      | Reached XP level 10. HP: 81/81 MP: 11/13
  8595 | D:8      | Found a shimmering blue altar of Sif Muna.
  8595 | D:8      | You fall into a shaft and drop 1 floor!
  8715 | D:9      | Reached ** piety under Wu Jian
  8827 | D:9      | Identified Sif Muna's Almanac of the Boar
  8996 | D:9      | Found a hazy altar of Hepliaklqana.
  9251 | D:10     | Entered Level 10 of the Dungeon
  9527 | D:10     | HP: 2/81 [something (7)]
  9528 | D:10     | Mangled by an unseen horror

Levels and vault maps discovered:
D:1:      nzn_arrival_water_spiral, layout_rooms, minmay_distorted
D:2:      layout_basic
D:3:      layout_rooms, grunt_temple_overflow_holy_war,
          okawaru_metal_pillars_1_2, lightli_sewer_entry_pipes,
          bh_walls_and_bars
D:4:      layout_loops_ring, lemuel_coloured_pillars_altar, ashenzari_altar_1,
          uniq_natasha, uniq_grinder
D:5:      layout_loops_cross, old_standard_altar, minmay_temple_entry_poolview,
          enter_ossuary_2, first_ration, uniq_menkaure
D:6:      layout_rooms
D:7:      layout_loops_ring, xom_redecorated, grunt_dithmenos_shadows,
          cheibrodos_worm_habitat, uniq_prince_ribbit1, uniq_crazy_yiuf_cottage,
          uniq_duvessa
D:8:      layout_cave_pools, lemuel_round_altar, fedhas_altar_decomposition,
          nicolae_qazlal_style_of_elements, lair_entry_dummy
D:9:      layout_basic, kennysheep_little_box
D:10:     layout_irregular_city
Temple:   nicolae_temple_figure_zero

Skill      XL: |  1  2  3  4  5  6  7  8  9 10 |
---------------+-------------------------------+-----
Dodging        | 2 3 4 5 |  5.0
Fighting       | 2 3 4 5 |  5.2
Unarmed Combat | 4 5 6 9 11 | 11.0
Transmutations | 3 6 8 |  8.4
Spellcasting   | |  2.0

Action                   |  1- 3 |  4- 6 |  7- 9 | 10-12 || total
-------------------------+-------+-------+-------+-------++-------
Melee: Unarmed           |   113 |   300 |   471 |   116 ||  1000
       Tailslap          |    17 |    29 |    54 |    16 ||   116
       Headbutt          |     1 |    15 |    67 |    19 ||   102
       Kick              |     8 |    17 |       |       ||    25
       Punch             |     1 |     2 |    15 |     3 ||    21
 Cast: Beastly Appendage |    10 |    20 |    46 |    11 ||    87
       Sticks to Snakes  |       |       |    21 |     3 ||    24
Invok: Lunge             |       |       |    14 |    16 ||    30
       Whirlwind         |       |       |     4 |    23 ||    27
       Wall Jump         |       |       |       |     6 ||     6
 Abil: Breathe Steam     |       |       |     2 |     1 ||     3
  Use: Scroll            |       |     6 |     4 |       ||    10
       Potion            |       |       |     8 |       ||     8
 Stab: Sleeping          |       |     1 |     3 |       ||     4
       Distracted        |       |       |     3 |       ||     3
  Eat: Chunk             |     2 |     8 |    18 |     4 ||    32
Armor: Skin              |    27 |    49 |   101 |    36 ||   213
Dodge: Dodged            |    43 |   211 |   269 |    40 ||   563

Table legend:
 A = Non-vault XP
 B = Vault XP
 C = Vault XP percentage of total XP
 D = Non-vault monster count
 E = Vault monster count
 F = Vault count percentage of total count
                 A         B        C        D         E       F
            +---------+---------+-------+---------+---------+-------
      Total |    5560 |    1437 |  20.5 |     200 |      51 |  20.3
            +---------+---------+-------+---------+---------+-------
        D:1 |      42 |       3 |   6.7 |      21 |       2 |   8.7
        D:2 |      42 |       0 |   0.0 |       8 |       0 |   0.0
        D:3 |     208 |     111 |  34.8 |      37 |      14 |  27.5
        D:4 |     413 |     272 |  39.7 |      27 |       1 |   3.6
        D:5 |     281 |     172 |  38.0 |      22 |       1 |   4.3
        D:6 |     691 |       0 |   0.0 |      16 |       0 |   0.0
        D:7 |     773 |     661 |  46.1 |      25 |       6 |  19.4
        D:8 |    2056 |       0 |   0.0 |      19 |       0 |   0.0
        D:9 |     976 |       0 |   0.0 |      24 |       0 |   0.0
       D:10 |      78 |       0 |   0.0 |       1 |       0 |   0.0
    Ossuary |       0 |     218 | 100.0 |       0 |      27 | 100.0
            +---------+---------+-------+---------+---------+-------
